 Dungeon Crawl Stone Soup version 0.21-a0-404-g291f19a (webtiles) character file.

5511 zero the Fighter (level 10, -4/99 HPs)
             Began as a Deep Dwarf Fighter on Oct 31, 2017.
             Was a Believer of Makhleb.
             Slain by a black mamba (8 damage)
             ... on level 9 of the Dungeon.
             The game lasted 00:09:23 (5954 turns).

zero the Fighter (Deep Dwarf Fighter)               Turns: 5954, Time: 00:09:23

Health: -4/99      AC: 20    Str: 24    XL:     10   Next: 43%
Magic:  5/5        EV:  5    Int:  8    God:    Makhleb [**....]
Gold:   693        SH: 17    Dex: 15    Spells: 9/9 levels left

rFire    + . .     SeeInvis .   a - +1 war axe
rCold    . . .     Gourm    .   z - +0 large shield
rNeg     . . .     Faith    .   t - +0 chain mail
rPois    .         Spirit   .   c - +1 helmet
rElec    .         Reflect  .   E - +2 cloak
rCorr    .         Harm     .   (no gloves)
MR       +....                  g - +0 pair of boots
Stlth    ..........             y - amulet of inaccuracy (curse)
HPRegen  0.00/turn              h - +3 ring of dexterity
MPRegen  0.09/turn              x - ring of protection from fire

@: lethally poisoned (-4 -> -66), non-regenerating
A: damage resistance, heal wounds, iridescent scales 1, sense surroundings 2, no
regeneration
a: Heal Wounds, Minor Destruction, Renounce Religion


You were on level 9 of the Dungeon.
You worshipped Makhleb.
Makhleb was pleased with you.
You were hungry.

You visited 3 branches of the dungeon, and saw 11 of its levels.

You collected 693 gold pieces.

Inventory:

Hand Weapons
 a - a +1 war axe (weapon)
Armour
 c - a +1 helmet (worn)
 g - a +0 pair of boots (worn)
 t - a +0 chain mail (worn)
 z - a +0 large shield (worn)
 E - a +2 cloak (worn)
 F - a +0 cloak of invisibility
Jewellery
 h - a +3 ring of dexterity (left hand)
 x - a ring of protection from fire (right hand)
 y - a cursed amulet of inaccuracy (around neck)
Wands
 r - a wand of acid (11/15)
 v - a wand of flame (16/48)
 C - a wand of random effects (13/48)
 I - a wand of acid (2/15)
Scrolls
 l - 3 scrolls of teleportation
 q - 3 scrolls of fear
Potions
 d - a potion of might
 e - a potion of berserk rage
 i - 2 potions of haste
 j - a potion of agility
 k - a potion of cancellation
 m - a potion of lignification {unknown}
 n - a potion of magic {unknown}
 o - 4 potions of degeneration
 p - 3 potions of curing
 s - a potion of heal wounds
 B - a potion of flight {unknown}
 J - a potion of ambrosia {unknown}
Books
 b - a book of Frost

   Spells                             Type                      Level
   a - Freeze                         Ice                          1
   b - Throw Frost                    Conjuration/Ice              2
   c - Ozocubu's Armour               Charms/Ice                   3
   d - Throw Icicle                   Conjuration/Ice              4
   e - Summon Ice Beast               Ice/Summoning                4
 u - a book of Conjurations

   Spells                             Type                      Level
   a - Magic Dart                     Conjuration                  1
   b - Searing Ray                    Conjuration                  2
   c - Dazzling Spray                 Conjuration/Hexes            3
   d - Fulminant Prism                Conjuration/Hexes            4
   e - Force Lance                    Conjuration/Translocation    4
   f - Iskenderun's Mystic Blast      Conjuration                  4
Comestibles
 f - 8 bread rations
 A - 2 meat rations
 D - a royal jelly
 G - 2 fruits


   Skills:
 * Level 9.1 Fighting
 + Level 7.6 Axes
 + Level 8.0 Armour
 + Level 8.0 Shields
 * Level 6.2 Invocations


You had 9 spell levels left.
You didn't know any spells.

Dungeon Overview and Level Annotations

Branches:
Dungeon (9/15)             Temple (1/1) D:5            Lair (1/6) D:9
    Orc: D:9-12

Altars:
Ashenzari
Cheibriados
Dithmenos
Elyvilon
Fedhas
Hepliaklqana
Kikubaaqudgha
Makhleb
Nemelex Xobeh
Okawaru
Ru
Sif Muna
Trog
Vehumet
Wu Jian
Xom
Zin
The Shining One


Innate Abilities, Weirdness & Mutations

You are resistant to damage.
You can heal yourself by infusing magical energy.
You passively map the area around you.
You do not regenerate.
You are partially covered in iridescent scales. (AC +2)


Message History

You feel very sick.
You block the black mamba's attack. x2; The black mamba bites you!
* * * LOW HITPOINT WARNING * * *
You are lethally poisoned!
The black mamba poisons you! The black mamba barely misses you.
You block the crocodile's attack.
You completely miss the crocodile.
The crocodile is heavily wounded.
You completely miss the black mamba. You hit the black mamba.
* * * LOW HITPOINT WARNING * * *
You feel very sick.
You block the black mamba's attack. x2; The black mamba bites you!
* * * LOW HITPOINT WARNING * * *
You are more poisoned.
The black mamba poisons you! The black mamba completely misses you.
The crocodile bites you but does no damage.
The black mamba bites you!
* * * LOW HITPOINT WARNING * * *
The black mamba bites you!
You die...

* * #.# ####.####### ,
#..........# , *
#.........§#####** ## *
* , * #........§§.§..##
.. , #.......≈≈≈§...[#.#
* **, ,
#......≈§§≈§≈.....# ,, ,
+ * #.......≈≈.≈§..##.#
* #......≈≈.@t≈§§## # ,
* ,
*#......≈≈≈SS§§..#.###.
, ,
,*######..≈≈≈≈§§........
, , #..§≈≈≈≈§.####.## *
, , #...§.....# , , *
*,.......#..## * *#+## *
.......##..# * ,,..#. *
....... ...# * ,#.#. ,
......###.. , #.#.


You could see 2 black mambas and a crocodile.

Vanquished Creatures
  The ghost of dainius the Cleaver, a novice HOFi of Trog (D:8)
  A two-headed ogre (D:8)
  A hippogriff (D:8)
  The ghost of HAL9000 the Skirmisher, an amateur OgHu (D:4)
  Eustachio (D:4)
  Menkaure (D:4)
  2 hell hounds (D:9)
  Duvessa (D:4)
  A porcupine (Lair:1)
  3 sky beasts
  2 ice beasts
  2 orc warriors
  The ghost of karf the Firebug, an amateur OgFE (D:3)
  4 ogres
  5 centaurs
  2 big kobolds
  3 bullfrogs
  A wyvern skeleton (D:8)
  3 scorpions
  Dowan (D:4)
  4 electric eels (D:8)
  A bullfrog zombie (D:8)
  A crimson imp (D:6)
  A hound (D:8)
  A jelly (D:5)
  4 orc priests
  Crazy Yiuf (D:4)
  2 centaur skeletons
  4 iguanas
  7 worker ants
  5 orc wizards
  A hound zombie (D:6)
  Robin (D:4)
  A howler monkey zombie (D:7)
  2 worker ant zombies (D:5)
  9 adders
  A shadow imp (D:8)
  An adder zombie (D:7)
  An ooze (D:2)
  3 leopard geckos
  29 orcs
  6 giant cockroaches
  17 goblins
  3 hobgoblins
  10 jackals
  4 quokkas
  4 ball pythons
  3 bats (D:3)
  2 frilled lizards (D:2)
  A giant cockroach zombie (D:6)
  10 kobolds
  A leopard gecko skeleton (D:5)
  A quokka skeleton (D:5)
  4 rats
183 creatures vanquished.

Vanquished Creatures (others)
  3 plants (D:8)
3 creatures vanquished.

Grand Total: 186 creatures vanquished

Notes
Turn   | Place    | Note
-------+----------+-------------------------------------------
     0 | D:1      | zero the Deep Dwarf Fighter began the quest for the Orb.
     0 | D:1      | Reached XP level 1. HP: 20/20 MP: 1/1
   281 | D:1      | Reached XP level 2. HP: 25/27 MP: 2/2
   685 | D:2      | Reached skill level 3 in Fighting
   706 | D:2      | Found a faded altar of an unknown god.
   736 | D:2      | Reached XP level 3. HP: 31/34 MP: 3/3
  1035 | D:2      | Found a glowing golden altar of the Shining One.
  1263 | D:3      | Found a bloodstained altar of Trog.
  1333 | D:3      | Found a radiant altar of Vehumet.
  1706 | D:3      | Noticed karf's ghost (amateur OgFE)
  1744 | D:3      | Killed karf's ghost
  1744 | D:3      | Reached XP level 4. HP: 27/44 MP: 4/4
  1744 | D:3      | Reached XP level 5. HP: 30/50 MP: 5/5
  1890 | D:3      | You fall through a shaft for 3 floors!
  1898 | D:6      | Noticed an ogre
  1905 | D:6      | Found a shattered altar of Ashenzari.
  1916 | D:6      | Reached skill level 4 in Fighting
  1920 | D:6      | Killed an ogre
  1922 | D:6      | Noticed a centaur
  1938 | D:6      | Killed a centaur
  1938 | D:6      | Reached XP level 6. HP: 32/58 MP: 5/5
  1977 | D:6      | Found a sacrificial altar of Ru.
  2050 | D:6      | Found an ornate altar of the Wu Jian Council.
  2093 | D:6      | Reached skill level 5 in Fighting
  2123 | D:5      | Entered Level 5 of the Dungeon
  2127 | D:5      | Reached XP level 7. HP: 42/67 MP: 5/5
  2142 | D:5      | Reached skill level 5 in Armour
  2142 | D:5      | Reached skill level 5 in Shields
  2326 | D:5      | Found a staircase to the Ecumenical Temple.
  2442 | D:5      | Reached skill level 6 in Fighting
  2442 | D:5      | Reached skill level 5 in Axes
  2442 | D:5      | Reached XP level 8. HP: 66/76 MP: 5/5
  2446 | D:5      | Found a glowing silver altar of Zin.
  2457 | D:5      | Found a white marble altar of Elyvilon.
  2737 | Temple   | Entered the Ecumenical Temple
  2780 | Temple   | Became a worshipper of Makhleb the Destroyer
  2829 | D:4      | Noticed Menkaure
  2853 | D:4      | Noticed Eustachio
  2854 | D:4      | Noticed Robin
  2863 | D:4      | Killed Eustachio
  2873 | D:4      | Killed Robin
  3024 | D:4      | Killed Menkaure
  3175 | D:4      | Noticed HAL9000's ghost (amateur OgHu)
  3191 | D:4      | Killed HAL9000's ghost
  3191 | D:4      | Reached skill level 7 in Fighting
  3210 | D:4      | Noticed Duvessa
  3212 | D:4      | Noticed Dowan
  3230 | D:4      | Killed Dowan
  3231 | D:4      | Killed Duvessa
  3231 | D:4      | Reached * piety under Makhleb
  3248 | D:4      | Found a blossoming altar of Fedhas.
  3357 | D:4      | Found a runed door.
  3538 | D:4      | Noticed Crazy Yiuf
  3545 | D:4      | Killed Crazy Yiuf
  3765 | D:6      | Gained mutation: You passively map the area around you. [Deep Dwarf growth]
  3765 | D:6      | Reached XP level 9. HP: 60/86 MP: 5/5
  4327 | D:7      | Gained mutation: You are partially covered in iridescent scales. (AC +2) [mutagenic meat]
  4346 | D:7      | Noticed a skeletal warrior
  4347 | D:7      | Noticed a skeletal warrior
  4347 | D:7      | Noticed a skeletal warrior
  4350 | D:7      | Noticed a skeletal warrior
  4353 | D:7      | Noticed a skeletal warrior
  4639 | D:7      | Reached skill level 1 in Invocations
  4664 | D:7      | Reached skill level 8 in Fighting
  4857 | D:8      | Reached ** piety under Makhleb
  4862 | D:8      | Found a burning altar of Makhleb.
  4875 | D:8      | Noticed dainius's ghost (novice HOFi)
  4929 | D:8      | Killed dainius's ghost
  5119 | D:8      | Reached XP level 10. HP: 98/98 MP: 4/4
  5245 | D:8      | Found an iron altar of Okawaru.
  5245 | D:8      | Found an ancient bone altar of Kikubaaqudgha.
  5245 | D:8      | Found a snail-covered altar of Cheibriados.
  5245 | D:8      | Found a shimmering altar of Xom.
  5284 | D:8      | Reached skill level 5 in Invocations
  5354 | D:8      | Noticed a two-headed ogre
  5364 | D:8      | Killed a two-headed ogre
  5364 | D:8      | Reached skill level 9 in Fighting
  5860 | D:9      | Found a staircase to the Lair.
  5913 | Lair:1   | Entered Level 1 of the Lair of Beasts
  5913 | Lair:1   | Noticed a black mamba
  5940 | Lair:1   | Noticed a black mamba
  5954 | D:9      | HP: 4/99 [black mamba (7)]
  5954 | D:9      | Slain by a black mamba

Vault maps used:
D:1:      shiori_arrival_oz
D:2:      chequers_ecumenical_altar_simple, tso_altar
D:3:      overflow_temple_1_default, fiery_altar_vehumet, first_bread
D:4:      hangedman_abyss_or_decor_lesser_grid, minmay_crystal_water,
          grunt_decor_fettered, fedhas_altar_fruit_tree, uniq_duvessa,
          uniq_crazy_yiuf_cottage, uniq_robin, uniq_eustachio, uniq_menkaure
D:5:      nicolae_overflow_crystal_walls, zin_academy, lemuel_temple_firewalk_a
D:6:      evilmike_ruin_ashenzari, old_standard_altar, basic_altar
D:7:      serial_curves, eino_curves_03, eino_curves_03, grunt_livestock
D:8:      chequers_temple_overflow_statue_of_worship, basic_altar,
          chequers_big_river
D:9:      minmay_lair_entry_lava, david_orc_5
Temple:   nicolae_temple_hex_pool

Skill      XL: |  1  2  3  4  5  6  7  8  9 10 |
---------------+-------------------------------+-----
Fighting       | 3 4 5 6 7 8 9 |  9.1
Axes           | 3 4 5 6 7 |  7.6
Armour         | 4 5 6 7 8 |  8.0
Shields        | 4 5 6 7 8 |  8.0
Invocations    | 4 6 |  6.2

Action                   |  1- 3 |  4- 6 |  7- 9 | 10-12 || total
-------------------------+-------+-------+-------+-------++-------
Melee: War axe           |   136 |    51 |   410 |   141 ||   738
 Abil: Heal Wounds       |     3 |     5 |    34 |     4 ||    46
  Use: Scroll            |       |       |    10 |     6 ||    16
  Eat: Chunk             |     3 |       |     9 |     2 ||    14
       Fruit             |       |     1 |     3 |     1 ||     5
Armor: Scale mail        |    74 |    26 |    12 |       ||   112
       Chain mail        |       |       |   206 |    76 ||   282
Dodge: Dodged            |    47 |    33 |    78 |    38 ||   196
Block: Shield            |    82 |    38 |   138 |       ||   258
       Large shield      |       |       |   236 |   151 ||   387

Table legend:
 A = Spawn XP
 B = Non-spawn XP
 C = Spawn XP percentage of total XP
 D = Spawn monster count
 E = Non-spawn monster count
 F = Spawn count percentage of total count
 G = Total turns spent on level
                    A         B        C        D         E        F      G
               +---------+---------+-------+---------+---------+-------+---------
         Total |       0 |    7874 |   0.0 |       0 |     183 |   0.0 |  5954
               +---------+---------+-------+---------+---------+-------+---------
           D:1 |       0 |      16 |   0.0 |       0 |       9 |   0.0 |   668
           D:2 |       0 |      43 |   0.0 |       0 |      16 |   0.0 |   394
           D:3 |       0 |     159 |   0.0 |       0 |      13 |   0.0 |   830
           D:4 |       0 |    1237 |   0.0 |       0 |      28 |   0.0 |   798
           D:5 |       0 |     806 |   0.0 |       0 |      22 |   0.0 |   739
           D:6 |       0 |     939 |   0.0 |       0 |      24 |   0.0 |   968
           D:7 |       0 |     852 |   0.0 |       0 |      31 |   0.0 |   404
           D:8 |       0 |    3383 |   0.0 |       0 |      37 |   0.0 |   884
           D:9 |       0 |     302 |   0.0 |       0 |       2 |   0.0 |   184
        Lair:1 |       0 |     137 |   0.0 |       0 |       1 |   0.0 |    31
               +---------+---------+-------+---------+---------+-------+---------
